 Dungeon Crawl Stone Soup version 0.27.1-2-g3b301248ec (webtiles) character file.

Game seed: 3292215915456725956

77 Descartes the Sneak (level 4, 0/21 HPs)
             Began as a Spriggan Enchanter on Oct 2, 2021.
             Succumbed to an orc's poison
             ... on level 2 of the Dungeon.
             The game lasted 00:07:19 (4216 turns).

Descartes the Sneak (Spriggan Enchanter)            Turns: 4216, Time: 00:07:20

Health: 0/21       AC:  2    Str:  5    XL:     4   Next: 14%
Magic:  9/9        EV: 18    Int: 16    God:
Gold:   71         SH:  0    Dex: 15    Spells: 4/8 levels left

rFire    . . .     SeeInvis +   a - +2 dagger (pain)
rCold    . . .     Faith    .   (shield restricted)
rNeg     . . .     Spirit   .   e - +0 robe
rPois    .         Reflect  .   (helmet restricted)
rElec    .         Harm     .   l - scarf {+Inv}
rCorr    .         Rampage  .   (gloves unavailable)
Will     .....                  (boots unavailable)
Stlth    +++.......             (no amulet)
HPRegen  0.07/turn              (no ring)
MPRegen  0.11/turn              (no ring)

@: lethally poisoned (0 -> -3), flying, very quick
A: very small, no large weapons, unfitting armour, see invisible, speed 3
a: Evoke Invisibility


You were on level 2 of the Dungeon.
You visited 1 branch of the dungeon, and saw 3 of its levels.

You collected 71 gold pieces.

Inventory:

Hand Weapons
 a - a +2 dagger of pain (weapon)
 b - a +0 hunting sling
Missiles
 c - 106 stones
 h - 15 sling bullets
Armour
 e - a +0 robe (worn)
 l - a scarf of invisibility (worn)
Scrolls
 g - a scroll of enchant armour {unknown}
 i - a scroll of enchant weapon {unknown}
 j - a scroll of vulnerability {unknown}
 k - a scroll of brand weapon {unknown}
 m - 3 scrolls of immolation {unknown}
Potions
 f - a potion of heal wounds {unknown}


   Skills:
 + Level 1.5 Short Blades
 + Level 3.8 Dodging
 + Level 5.6 Stealth
 - Level 2.6 Spellcasting
 + Level 4.4 Hexes
 + Level 1.0 Evocations


You had 4 spell levels left.
You knew the following spells:

 Your Spells              Type           Power      Damage    Failure   Level
a - Confusing Touch       Hex            16%        N/A       10%         3
b - Corona                Hex            17%        N/A       3%          1

Your spell library contained the following spells:

 Spells                   Type           Power      Damage    Failure   Level
 Tukima's Dance           Hex            16%        N/A       10%         3
 Ensorcelled Hibernation  Hex/Ice        18%        N/A       12%         2
 Dazzling Flash           Conj/Hex       18%        N/A       24%         3


Dungeon Overview and Level Annotations

Branches:
Dungeon (3/15)

Altars:


Innate Abilities, Weirdness & Mutations

You are very small and have problems with some larger weapons.
You are too small for most types of armour.
You have supernaturally acute eyesight. (SInv)
You cover ground extremely quickly. (Speed+++)


Message History

You kill the hobgoblin!
The orc completely misses you.
You hit the orc.
The orc is lightly wounded.
The orc hits you with a +1 dagger of venom.
You are poisoned.
The orc hits you with a +0 dagger of freezing.
The orc freezes you.
You closely miss the orc.
The orc is lightly wounded.
You feel very sick.
The orc hits you with a +1 dagger of venom.
The orc barely misses you.
You are too injured to fight recklessly!
You are too injured to fight recklessly!
You are too injured to fight recklessly!
You are too injured to fight recklessly!
You are too injured to fight recklessly!
You are too injured to fight recklessly!
You are too injured to fight recklessly!
You are too injured to fight recklessly!
* * * LOW HITPOINT WARNING * * *
You feel sick.
* * * LOW HITPOINT WARNING * * *
You feel sick.
* * * LOW HITPOINT WARNING * * *
You feel sick.
* * * LOW HITPOINT WARNING * * *
You feel sick.
There is a stone staircase leading up here.
* * * LOW HITPOINT WARNING * * *
You feel sick.
You climb upwards.
* * * LOW HITPOINT WARNING * * *
You feel sick.
There is a stone staircase leading down here.
It was a potion of flight.
You feel very buoyant.
You fly up into the air.
You die...

#......# #.......#
#......# #.......######
#......###............##
#........#>..###..###...
#......#.....###..<.....
#........#.###..........
#........#.....###<.....
#...........#### ###....
#......@..#..# #....
#........###.# #....
#........# #.#######....
#........###.##.........
#.........##.########..#
#..................###.#
#........##...###...^#.#
####.########..##....#..
#.# ##....<..##.


There were no monsters in sight!

Vanquished Creatures
  An adder (D:2)
  2 dart slugs
  An orc (D:3)
  3 ball pythons
  4 bats
  8 endoplasms
  5 giant cockroaches
  6 goblins
  5 hobgoblins
  2 jackals (D:1)
  A quokka (D:3)
  4 frilled lizards
  8 kobolds
  4 rats
54 creatures vanquished.

Notes
Turn   | Place    | Note
-------+----------+-------------------------------------------
     0 | D:1      | Descartes the Spriggan Enchanter began the quest for the
                  | Orb.
     0 | D:1      | Reached XP level 1. HP: 9/9 MP: 5/5
   556 | D:1      | Reached XP level 2. HP: 4/13 MP: 6/6
  1124 | D:1      | Reached skill level 5 in Stealth
  1298 | D:1      | Reached XP level 3. HP: 12/16 MP: 8/8
  3113 | D:2      | Found a faded altar of an unknown god.
  3576 | D:3      | Reached XP level 4. HP: 7/21 MP: 9/9
  3588 | D:3      | Learned a level 3 spell: Confusing Touch
  3670 | D:3      | Reached skill level 1 in Evocations
  4215 | D:2      | HP: 1/21 [poisoned by an orc]
  4216 | D:2      | Succumbed to an orc's poison

Illustrated notes

Levels and vault maps discovered:
D:1:      dpeg_arrival_stone_temple_mockup, layout_loops_ring
D:2:      layout_rooms, dilly_ecumenical_altar_fadedgnrine
D:3:      layout_loops_ring, uniq_ijyb

Skill      XL: |  1  2  3  4 |
---------------+-------------+-----
Dodging        | 3 |  3.8
Hexes          | 4 |  4.4
Stealth        | 5 |  5.6
Evocations     | 1 |  1.0
Short Blades   | |  1.5
Spellcasting   | |  2.6

Action                   |  1- 3 |  4- 6 || total
-------------------------+-------+-------++-------
Melee: Dagger            |   212 |    34 ||   246
 Fire: Hunting sling     |     2 |       ||     2
  Use: Potion            |     2 |     1 ||     3
 Stab: Sleeping          |    12 |       ||    12
       Distracted        |     1 |       ||     1
Armor: Robe              |    26 |     3 ||    29
Dodge: Dodged            |   176 |    25 ||   201
